 Dungeon Crawl Stone Soup version 0.16-a0-621-gdc21f72 (webtiles) character file.

101 PolkaDot the Caller (level 4, -3/30 HPs)
             Began as a Vampire Summoner on Sept 17, 2014.
             Slain by an orc priest
             ... wielding a +0 club
              (6 damage)
             ... on Level 3 of the Dungeon.
             The game lasted 00:06:13 (2033 turns).

PolkaDot the Caller (Vampire Summoner)              Turns: 2033, Time: 00:06:13

HP  -3/30        AC  2     Str  7      XL: 4   Next: 48%
MP   4/7         EV 12     Int 18      God:
Gold 139         SH  0     Dex 14      Spells:  2 memorised,  3 levels left

rFire  x . .     SeeInvis +     c - +0 mace (crush)
rCold  + . .     Clarity  .     a - +0 robe
rNeg   . . .     rCorr    .     (no shield)
rPois  .         rRot     .     (no helmet)
rElec  .         Spirit   .     (no cloak)
SustAb .         Warding  .     (no gloves)
rMut   .         Stasis   .     (no boots)
Gourm  .                        (no amulet)
MR     .....                    (no ring)
                                g - ring of ice

@: regenerating quickly, not resistant to hostile enchantments, unstealthy
A: fangs 3, see invisible, unbreathing
a: no special abilities


You were on level 3 of the Dungeon.
You were very full.

You visited 1 branch of the dungeon, and saw 3 of its levels.

You collected 139 gold pieces.

Inventory:

Hand weapons
 c - a +0 mace of crushing (weapon)
Armour
 a - a +0 robe (worn)
Scrolls
 d - a scroll of random uselessness {unknown}
 e - 5 scrolls of identify {unknown}
 f - a scroll of fog {unknown}
 i - a scroll of amnesia {unknown}
 j - 2 scrolls of magic mapping
 k - a scroll of remove curse {unknown}
 l - a scroll of teleportation {unknown}
Jewellery
 g - a ring of ice (left hand)
Potions
 h - a potion of restore abilities
Books
 b - a book of Callings

   Spells                             Type                      Level
   *Summon Small Mammal               Summoning                    1
   Call Imp                           Summoning                    2
   *Call Canine Familiar              Summoning                    3
   Summon Guardian Golem              Hexes/Summoning              4
   Summon Lightning Spire             Summoning/Air                4
   Summon Ice Beast                   Ice/Summoning                4


   Skills:
 - Level 2.1 Dodging
 - Level 3.0 Stealth
 - Level 2.0 Spellcasting
 + Level 6.0 Summonings


You had 3 spell levels left.
You knew the following spells:

 Your Spells              Type           Power        Failure   Level  Hunger
a - Summon Small Mammal   Summ           ###.         1%          1    #......
d - Call Canine Familiar  Summ           ###.....     4%          3    ####...


Dungeon Overview and Level Annotations

Branches:
Dungeon (3/15)

Altars:
Dithmenos
Qazlal


Innate Abilities, Weirdness & Mutations

Your natural rate of healing is unusually fast.
You have razor-sharp teeth.
You have supernaturally acute eyesight.
You can survive without breathing.


Message History

The orc wizard hits your hound with a dagger.
Your hound barely misses the orc wizard.
The orc barely misses you.
You closely miss the orc.
The orc is moderately wounded.
Your hound misses the orc wizard.
The orc wizard closely misses your hound.
The orc priest hits you with a club.
* * * LOW HITPOINT WARNING * * *
Your hound misses the orc wizard. The orc barely misses you.
The orc wizard hits your hound with a dagger.
You hit the orc.
The orc is severely wounded.
Your hound bites the orc wizard.
The orc priest hits you with a club.
* * * LOW HITPOINT WARNING * * *
Your hound bites the orc wizard.
The orc hits you with a runed mace.
* * * LOW HITPOINT WARNING * * *
x2 The orc wizard hits your hound but does no damage.
The orc priest hits you with a club.
You die...

#.#
#.#
#.#
#o#
#h#
#.#
#.#
##.#
#@o#
#o##
#.#
#..
###


You could see an orc priest, an orc wizard, an orc and a friendly hound.

Vanquished Creatures
  2 worms (D:2)
  2 giant geckos (D:2)
  2 oozes (D:2)
  A ball python (D:3)
  2 goblins (D:1)
  4 hobgoblins
  A quokka (D:3)
  11 bats
  A giant newt (D:2)
  6 kobolds
  8 rats
40 creatures vanquished.

Vanquished Creatures (collateral kills)
  Sigmund (D:2)
  An adder (D:2)
  A worm (D:2)
  A giant gecko (D:1)
  A bat (D:2)
  A rat (D:2)
6 creatures vanquished.

Vanquished Creatures (others)
  A hound (D:2)
  A quokka (D:2)
2 creatures vanquished.

Grand Total: 48 creatures vanquished

Notes
Turn   | Place    | Note
--------------------------------------------------------------
     0 | D:1      | PolkaDot, the Vampire Summoner, began the quest for the Orb.
     0 | D:1      | Reached XP level 1. HP: 13/13 MP: 3/3
   351 | D:1      | Reached XP level 2. HP: 8/19 MP: 4/4
  1028 | D:2      | Reached skill level 5 in Summonings
  1028 | D:2      | Reached XP level 3. HP: 5/24 MP: 3/6
  1271 | D:2      | Found a stormy altar of Qazlal.
  1358 | D:2      | Learned a level 3 spell: Call Canine Familiar
  1702 | D:2      | Found a shadowy altar of Dithmenos.
  1738 | D:2      | Noticed Sigmund
  1755 | D:2      | Killed Sigmund
  1755 | D:2      | Reached XP level 4. HP: 6/30 MP: 2/7
  1983 | D:3      | Reached skill level 6 in Summonings
  2033 | D:3      | Slain by an orc priest

Action                   |  1- 3 |  4- 6 || total
-------------------------+-------+-------++-------
Melee: Mace              |   108 |    20 ||   128
 Cast: Summon Small Mamm |    15 |       ||    15
       Call Canine Famil |     3 |     1 ||     4
  Use: Potion            |     5 |       ||     5
       Scroll            |     1 |       ||     1
 Stab: Sleeping          |     5 |       ||     5
  Eat: Corpse            |    17 |     3 ||    20
